AoeStats
← 辉夜夜大小姐

Pilgrims

509894445Analyzed
4v4 RM · 4d ago on Sep 28, 2026· 42m 0s· 8 players
Game mode
Random Map
Map size
Large (8 player)
Population
200
Speed
Normal
Resources
Standard
Victory
Conquest
Starting age
Dark Age
Ending age
Imperial Age
RankedLock teamsTeams togetherTeam positionsShared explorationLock speedFull tech treeHidden civsTurbo modeCheats
Victory
Defeat
🇨🇳 Huns · China
1159
+15
🇨🇳 Japanese · China
1148
+16
1111
+17
🇹🇼 Mongols · Taiwan
1103
+19
🇨🇳 Mongols · China
1157
-17
🇲🇽 Koreans · Mexico
1151
-17
🇨🇳 Britons · China
1150
-17
🇲🇽 Varangians · Mexico
1120
-16
victor_mv7
4:30 Loom
11:51 Feudal Age
12:19 Double-Bit Axe
12:28 Fishing Lines
18:06 Castle Age
19:01 Bow Saw
19:28 Wheelbarrow
21:09 Scale Mail Armor
21:20 Forging
22:12 Hand Cart
22:59 Squires
23:26 Gillnets
25:14 Medium Warships
26:13 Gambesons
26:22 Arson
29:54 Iron Casting
31:25 Chain Mail Armor
33:24 Fletching
33:35 Padded Archer Armor
33:43 Gold Mining
33:44 Stone Mining
33:42 Horse Collar
35:31 Bodkin Arrow
35:56 Heavy Plow
41:58 Imperial Age
Rey de Copas
10:48 Feudal Age
15:06 Castle Age
15:03 Forging
17:51 Iron Casting
18:43 Medium Warships
21:35 Careening
22:31 Siphons
22:40 Fletching
26:57 Ballistics
37:28 Bodkin Arrow
hawki2518
13:25 Feudal Age
11:42 Loom
15:17 Double-Bit Axe
15:42 Horse Collar
19:20 Castle Age
25:35 Bow Saw
27:31 Fletching
29:36 Wheelbarrow
29:15 Gold Mining
36:59 Imperial Age
35:02 Bodkin Arrow
35:33 Thumb Ring
35:40 Bloodlines
35:31 Husbandry
36:23 Hand Cart
36:07 Bodkin Arrow
37:13 Heavy Plow
37:16 Padded Archer Armor
37:39 Ballistics
37:31 Masonry
38:13 Conscription
39:14 Bracer
ouujkj
6:24 Loom
11:24 Feudal Age
12:14 Double-Bit Axe
16:22 Castle Age
15:54 Horse Collar
16:15 Stone Mining
18:32 Bow Saw
PAOSQLS | Nikostolich
12:13 Feudal Age
16:02 Castle Age
13:56 Double-Bit Axe
14:24 Fletching
15:31 Fishing Lines
16:59 Medium Warships
16:53 Bodkin Arrow
21:04 Wheelbarrow
21:29 Careening
21:40 Ballistics
25:23 Clinker Construction
25:49 Treadmill Crane
27:21 Bow Saw
29:17 Gold Mining
29:58 Town Watch
30:01 Loom
31:20 Horse Collar
31:58 Murder Holes
32:35 Masonry
35:14 Imperial Age
36:24 Bracer
36:50 Dry Dock
37:59 Chemistry
38:06 Elite Longship
40:59 Carvel Hull
42:01 Gillnets
新手村天幕星
5:08 Loom
5:42 Loom
14:26 Feudal Age
15:53 Fishing Lines
21:29 Castle Age
19:32 Gold Mining
19:33 Stone Mining
22:08 Wheelbarrow
21:19 Town Watch
22:39 Gillnets
23:21 Double-Bit Axe
26:21 Medium Warships
32:27 Imperial Age
30:43 Bow Saw
33:43 Heavy Warships
35:33 Conscription
38:37 Chemistry
37:58 Ballistics
37:45 Siege Engineers
37:51 Masonry
37:39 Murder Holes
37:08 Capped Ram
38:17 Hand Cart
38:02 Town Patrol
38:50 Fletching
41:19 Bodkin Arrow
41:49 Elite Cannon Galleon
辉夜夜大小姐
10:45 Feudal Age
15:27 Castle Age
14:46 Double-Bit Axe
22:27 Marauders
23:00 Loom
26:21 Horse Collar
30:38 Wheelbarrow
32:52 Wheelbarrow
34:21 Wheelbarrow
37:08 Bow Saw
39:30 Hand Cart
39:29 Scale Barding Armor
39:34 Forging
39:56 Gold Mining
40:32 Chain Barding Armor
40:23 Forging
42:47 Gold Shaft Mining
44:56 Imperial Age
popibo
13:20 Feudal Age
11:36 Loom
16:15 Double-Bit Axe
16:19 Fishing Lines
18:44 Castle Age
17:41 Gold Mining
17:42 Stone Mining
18:31 Wheelbarrow
21:34 Bloodlines
21:28 Husbandry
21:42 Gillnets
23:55 Scale Barding Armor
24:53 Horse Collar
26:08 Forging
32:36 Imperial Age
31:52 Fletching
32:03 Padded Archer Armor
32:28 Heavy Plow
34:18 Conscription
33:20 Elite Mangudai
34:11 Thumb Ring
34:22 Bow Saw
36:05 Bodkin Arrow
36:40 Ballistics
37:21 Chemistry
36:40 Leather Archer Armor
38:07 Bracer
39:38 Parthian Tactics
40:06 Hand Cart
Connection lost

Rejoining the realm…

Still unreachable

The connection could not be restored.

Session expired

The server has moved on; the page needs a fresh start.